 Dungeon Crawl Stone Soup version 0.20.1-1-g8b1a95d (webtiles) character file.

2849 letownia2 the Reanimator (level 9, -6/70 HPs)
             Began as a Deep Dwarf Necromancer on Nov 12, 2017.
             Was an Initiate of Gozag.
             Killed by divine providence
             ... invoked by an orc priest
              (14 damage)
             ... on level 9 of the Dungeon.
             The game lasted 00:24:26 (6348 turns).

letownia2 the Reanimator (Deep Dwarf Necromancer)   Turns: 6348, Time: 00:24:28

Health: -6/70      AC: 11    Str: 13    XL:     9   Next: 46%
Magic:  0/21       EV: 11    Int: 18    God:    Gozag
Gold:   1010       SH:  0    Dex: 13    Spells: 21/25 levels left

rFire    + . .     SeeInvis .   a - +2 whip (elec)
rCold    . . .     Gourm    .   (no shield)
rNeg     . . .     Faith    .   l - +0 ring mail
rPois    .         Spirit   .   G - +0 helmet
rElec    .         Reflect  .   (no cloak)
rCorr    .         Harm     .   F - +1 pair of gloves
MR       +....                  j - +2 pair of boots
Stlth    +.........             (no amulet)
Regen    0.0/turn               A - ring of protection from fire
MPRegen  0.2/turn               (no ring)

@: gold aura, non-regenerating, drained
A: damage resistance, heal wounds, sense surroundings 2, no regeneration
a: Heal Wounds, Potion Petition, Call Merchant, Bribe Branch, Renounce Religion


You were on level 9 of the Dungeon.
You worshipped Gozag.
Gozag was most pleased with you.
You were not hungry.

You visited 2 branches of the dungeon, and saw 10 of its levels.
You also visited: Sewer.

You collected 1171 gold pieces.
You spent 34 gold pieces at shops.
You paid 127 gold pieces to Gozag.

Inventory:

Hand Weapons
 a - a +2 whip of electrocution (weapon)
 b - the +1 flail of Horhall {crush, rElec rPois rF- rN+}
   (You found it on level 4 of the Dungeon)

   It inflicts extra damage upon your enemies.
   It makes you vulnerable to fire.
   It insulates you from electricity.
   It protects you from poison.
   It protects you from negative energy.
 s - a +0 battleaxe
 J - a +0 blowgun
Armour
 j - a +2 pair of boots (worn)
 l - a +0 ring mail (worn)
 B - a +0 scale mail
 F - a +1 pair of gloves (worn)
 G - a +0 helmet (worn)
Magical Staves
 z - an uncursed staff of cold
Jewellery
 A - a ring of protection from fire (left hand)
Wands
 c - a wand of flame (29/48)
 L - a wand of polymorph (9/24)
Scrolls
 d - 7 scrolls of identify
 f - a scroll of enchant weapon {unknown}
 h - 5 scrolls of remove curse
 o - a scroll of random uselessness {unknown}
 p - a scroll of recharging
 q - 2 scrolls of amnesia
 u - a scroll of vulnerability {unknown}
 v - 3 scrolls of teleportation
 y - 2 scrolls of enchant armour
 E - 2 scrolls of fear {unknown}
Potions
 e - 3 potions of heal wounds {unknown}
 g - 3 potions of flight {unknown}
 i - a potion of berserk rage {unknown}
 k - a potion of brilliance
 n - a potion of mutation {unknown}
 r - a potion of cancellation {unknown}
 t - a potion of might {unknown}
 w - 2 potions of ambrosia {unknown}
 x - 3 potions of curing {unknown}
 D - a potion of agility {unknown}
 M - 2 potions of lignification {unknown}
Books
 m - a book of Necromancy

   Spells                             Type                      Level
   a - Pain                           Necromancy                   1
   b - Animate Skeleton               Necromancy                   1
   c - Vampiric Draining              Necromancy                   3
   d - Regeneration                   Charms/Necromancy            3
   e - Animate Dead                   Necromancy                   4
   f - Control Undead                 Necromancy                   4
Comestibles
 C - 4 meat rations
 H - a bread ration
 K - 3 fruits


   Skills:
 - Level 1.3(0.8) Fighting
 - Level 3.7(3.2) Axes
 - Level 1.3(0.8) Armour
 - Level 2.1(1.6) Dodging
 - Level 2.4(1.9) Stealth
 + Level 8.8(8.2) Spellcasting
 - Level 8.8(8.2) Necromancy


You had 21 spell levels left.
You knew the following spells:

 Your Spells              Type           Power        Failure   Level  Hunger
a - Pain                  Necr           ####         1%          1    None
v - Vampiric Draining     Necr           #####.....   1%          3    #......


Dungeon Overview and Level Annotations

Branches:
Dungeon (9/15)             Temple (1/1) D:5
   Lair: D:8-11         Orc: D:9-12

Altars:
Ashenzari
Dithmenos
Elyvilon
Fedhas
Gozag
Hepliaklqana
Kikubaaqudgha
Makhleb
Nemelex Xobeh
Okawaru
Qazlal
Sif Muna
Trog
Uskayaw
Vehumet
Xom
Yredelemnul
The Shining One

Shops:
D:7 *(

Annotations:
D:7 1 transporter


Innate Abilities, Weirdness & Mutations

You are resistant to damage.
You can heal yourself by infusing magical energy.
You passively map the area around you.
You do not regenerate.


Message History

Aim: an ice beast (almost dead)
You kill the ice beast!
You feel life coursing into your body.
Unknown command.
Unknown command.
You hit the wight.
The wight is almost destroyed.
The wight hits you with an enchanted battleaxe.
The wight hits you but does no damage.
You barely miss the wight.
The wight is almost destroyed.
The wight misses you. The wight barely misses you.
Unknown command.
You barely miss the wight.
The wight is almost destroyed.
The wight barely misses you.
The orc priest mumbles some strange prayers to Beogh against you.
Beogh smites you!
You die...
Your body crumbles into a pile of gold.

#........ ,,
#.$#.####
#####(....#
#..$zz#.#.#
#.#####># # * *
* #$# #.# ,,
#o# #.# * * *
#.# #z# , #z#
#@# #z# #z# ,
,, , #.# #z# ,
, * $
#.#####o###.#.
*
#.z.z..z.....?#
#########...[##
*.#.... # .##*
* *,#***** **


You could see 4 wights and an orc priest.

Vanquished Creatures
  Prince Ribbit (D:7)
  3 ice beasts
  An orc warrior (D:9)
  3 ogres
  2 phantoms (D:6)
  4 centaurs
  A big kobold (Sewer)
  Blork the orc (D:5)
  2 bullfrogs
  A scorpion (D:6)
  2 killer bees (D:7)
  4 wights
  A centaur zombie (D:6)
  3 crimson imps
  A bullfrog zombie (D:3)
  4 hounds
  A centaur skeleton (D:6)
  2 bullfrog skeletons
  5 orc priests
  2 orc wizards
  4 worker ants
  A hound zombie (D:7)
  2 worker ant zombies (D:5)
  11 adders
  2 river rats (Sewer)
  An ooze (D:1)
  6 worms
  A dart slug (D:1)
  5 leopard geckos
  21 orcs
  2 ball pythons
  3 giant cockroaches
  4 goblins
  5 hobgoblins
  8 jackals
  5 kobolds
  5 quokkas
  7 bats
  3 frilled lizards
  A giant cockroach zombie (D:5)
  9 rats
150 creatures vanquished.

Notes
Turn   | Place    | Note
-------+----------+-------------------------------------------
     0 | D:1      | letownia2 the Deep Dwarf Necromancer began the quest for the Orb.
     0 | D:1      | Reached XP level 1. HP: 15/15 MP: 3/3
   351 | D:3      | Found a burning altar of Makhleb.
   351 | D:3      | Noticed a hound
   394 | D:3      | Reached XP level 2. HP: 14/22 MP: 0/5
   485 | D:3      | Found a glowing drain.
   585 | Sewer    | Entered a sewer
   597 | Sewer    | Reached skill level 5 in Necromancy
   597 | Sewer    | Reached XP level 3. HP: 5/28 MP: 1/6
   599 | Sewer    | HP: 1/28 [river rat (1)]
   618 | Sewer    | Learned a level 3 spell: Vampiric Draining
   734 | Sewer    | Noticed a big kobold
   760 | Sewer    | Killed a big kobold
   760 | Sewer    | Reached XP level 4. HP: 14/36 MP: 0/8
   902 | Sewer    | Found a white marble altar of Elyvilon.
  1104 | D:4      | Reached XP level 5. HP: 26/42 MP: 9/9
  1275 | D:4      | Got a smoking flail
  1276 | D:4      | Identified the cursed +1 flail of Horhall {crush, rElec rPois rF- rN+} (You found it on level 4 of the Dungeon)
  1356 | D:4      | Found an iron altar of Okawaru.
  1592 | D:4      | Reached XP level 6. HP: 46/49 MP: 3/10
  1783 | D:5      | Entered Level 5 of the Dungeon
  1822 | D:5      | Noticed Blork the orc
  1882 | D:5      | Killed Blork the orc
  2000 | D:5      | Noticed an ice beast
  2018 | D:5      | Killed an ice beast
  2018 | D:5      | Reached XP level 7. HP: 51/55 MP: 3/11
  2126 | D:5      | Reached skill level 1 in Axes
  2135 | D:5      | Found a staircase to the Ecumenical Temple.
  2151 | Temple   | Entered the Ecumenical Temple
  2168 | Temple   | Became a worshipper of Gozag Ym Sagoz the Greedy
  2190 | D:5      | Reached skill level 1 in Fighting
  2241 | D:5      | Reached skill level 1 in Armour
  2884 | D:3      | Found a deep blue altar of Sif Muna.
  4586 | D:6      | Reached XP level 8. HP: 49/64 MP: 0/14
  5100 | D:6      | Reached skill level 5 in Spellcasting
  5126 | D:6      | Found an ancient bone altar of Kikubaaqudgha.
  5264 | D:6      | Found a glowing golden altar of the Shining One.
  5396 | D:6      | Found a blossoming altar of Fedhas.
  5400 | D:6      | Found a bloodstained altar of Trog.
  5714 | D:7      | Noticed Prince Ribbit
  5743 | D:7      | Killed Prince Ribbit
  5743 | D:7      | Gained mutation: You passively map the area around you. [Deep Dwarf growth]
  5743 | D:7      | Reached XP level 9. HP: 62/70 MP: 7/20
  5874 | D:7      | Found Miarr's Assorted Antiques.
  5885 | D:7      | Found a radiant altar of Vehumet.
  5958 | D:7      | Found a transporter.
  6025 | D:7      | Found Jeakk's Weapon Shoppe.
  6039 | D:7      | Bought a scroll labeled DUPIRPHU PESTI for 34 gold pieces
  6166 | D:8      | Noticed a two-headed ogre
  6348 | D:9      | Killed from afar by an orc priest

Skill      XL: |  1  2  3  4  5  6  7  8  9 |
---------------+----------------------------+-----
Spellcasting   | 2 3 4 7 8 |  8.8
Necromancy     | 5 6 7 8 |  8.8
Axes           | 3 |  3.7
Fighting       | 1 |  1.3
Armour         | 1 |  1.3
Dodging        | |  2.1
Stealth        | |  2.4

Action                   |  1- 3 |  4- 6 |  7- 9 || total
-------------------------+-------+-------+-------++-------
Melee: Whip              |    15 |    71 |   239 ||   325
       Flail             |       |    13 |       ||    13
 Cast: Pain              |    32 |       |    84 ||   116
       Vampiric Draining |     3 |    22 |    67 ||    92
  Use: Scroll            |       |     3 |     3 ||     6
 Stab: Sleeping          |       |     1 |       ||     1
  Eat: Chunk             |       |     7 |     1 ||     8
       Fruit             |       |       |     3 ||     3
       Bread ration      |       |       |     2 ||     2
       Royal jelly       |       |       |     2 ||     2
Armor: Leather armour    |     4 |     2 |       ||     6
       Ring mail         |       |    42 |   122 ||   164
Dodge: Dodged            |    13 |    58 |   163 ||   234
